AoeStats
← LeDerp

Arena

509674500Analyzed
2v2 RM · 5d ago on Sep 27, 2026· 32m 47s· 4 players
Game mode
Random Map
Map size
Medium (4 player)
Population
200
Speed
Normal
Resources
Standard
Victory
Conquest
Starting age
Dark Age
Ending age
Imperial Age
RankedLock teamsTeams togetherTeam positionsShared explorationLock speedFull tech treeHidden civsTurbo modeCheats
Victory
Defeat
🇨🇳 Poles · China
1194
+15
🇫🇷 Burgundians · France
1104
+18
🇲🇽 Aztecs · Mexico
1185
-18
🇬🇧 Romans · United Kingdom
1133
-15
dorshiffe10
4:47 Double-Bit Axe
10:11 Feudal Age
14:15 Castle Age
13:32 Bow Saw
13:07 Horse Collar
13:52 Gold Mining
20:08 Wheelbarrow
19:48 Stone Mining
21:03 Fletching
24:48 Hand Cart
24:20 Loom
27:37 Two-Man Saw
26:58 Scale Barding Armor
28:19 Guilds
28:46 Town Watch
29:39 Gold Shaft Mining
29:39 Stone Shaft Mining
31:02 Chain Barding Armor
31:44 Forging
35:15 Imperial Age
LeDerp
10:13 Feudal Age
11:24 Horse Collar
11:30 Double-Bit Axe
14:56 Stone Mining
17:35 Castle Age
16:50 Loom
18:46 Bow Saw
18:40 Heavy Plow
23:57 Szlachta Privileges
24:22 Bloodlines
29:04 Imperial Age
27:23 Devotion
28:12 Wheelbarrow
27:23 Town Watch
27:57 Husbandry
28:04 Scale Mail Armor
28:11 Scale Barding Armor
28:53 Forging
30:04 Chain Barding Armor
29:10 Cavalier
30:38 Conscription
31:27 Faith
33:23 Crop Rotation
Zeus Kakarot
11:27 Feudal Age
11:34 Loom
12:20 Double-Bit Axe
16:46 Castle Age
16:26 Horse Collar
16:50 Man-at-Arms
18:59 Long Swordsman
19:46 Scale Mail Armor
25:05 Bow Saw
28:03 Wheelbarrow
30:22 Hand Cart
33:34 Imperial Age
31:24 Hand Cart
30:55 Town Watch
30:42 Pikeman
31:22 Squires
Winterblood
9:59 Feudal Age
10:27 Double-Bit Axe
16:05 Castle Age
14:19 Horse Collar
15:48 Forging
15:38 Scale Mail Armor
17:10 Bow Saw
17:45 Squires
21:35 Heavy Plow
21:35 Loom
24:32 Fervor
25:06 Stone Mining
25:06 Gold Mining
25:14 Loom
25:21 Town Watch
26:21 Wheelbarrow
28:22 Hand Cart
30:46 Imperial Age
29:16 Hand Cart
29:14 Arson
30:07 Iron Casting
31:05 Chain Mail Armor
31:49 Conscription
32:07 Sanctity
34:01 Blast Furnace
33:32 Plate Mail Armor
Connection lost

Rejoining the realm…

Still unreachable

The connection could not be restored.

Session expired

The server has moved on; the page needs a fresh start.